 Dungeon Crawl Stone Soup version 0.30.0-20-g3615ddf2f0 (webtiles) character file.

Game seed: 14848946856878631091

40810 qw the Severer (level 14, 0/90 HPs)
             Began as a Gargoyle Fighter on May 27, 2023.
             Was a High Priest of Okawaru.
             Slain by a 13-headed hydra (5 damage)
             ... on level 5 of the Lair of Beasts.
             The game lasted 00:08:18 (15208 turns).

qw the Severer (Gargoyle Fighter)                  Turns: 15208, Time: 00:08:19

Health: 0/90       AC: 42    Str: 28    XL:     14   Next: 12%
Magic:  17/21      EV: 10    Int: 10    God:    Okawaru [*****.]
Gold:   618        SH:  6    Dex:  9    Spells: 13/13 levels left

rFire   . . .        p - +5 morningstar
rCold   + . .        c - +0 buckler
rNeg    + + .        v - +1 plate armour {rC+}
rPois   inf          j - +1 hat
rElec   +            q - +2 cloak
rCorr   .            h - +2 pair of gloves
SInv    +            r - +0 pair of boots
Will    +....        (no amulet) Stlth
                     l - ring of the Priest {rElec rN+ AC+4 Str+4}
HPRegen 0.35/turn    o - ring of see invisible
MPRegen 0.17/turn

%: no passive effects
@: about to teleport, heroic, finesse-ful, marked, flying
A: sickness immunity, AC +10, big wings, negative energy resistance 1,
electricity resistance, torment resistance 1, petrification resistance
a: Renounce Religion, Heroism, Finesse, Duel


You were on level 5 of the Lair of Beasts.
You worshipped Okawaru.
Okawaru was extremely pleased with you.
You visited 3 branches of the dungeon, and saw 15 of its levels.
You also visited: Ossuary.

You collected 1156 gold pieces.
You spent 538 gold pieces at shops.


Innate Abilities, Weirdness & Mutations

You are immune to sickness and miasma.
Your stone body is resilient. (AC +10)
You are immune to poison.
Your large and strong wings let you fly.
You resist negative energy. (rN+)
You are resistant to electric shocks. (rElec)
You are resistant to unholy torment.
You are immune to petrification.


   Skills:
 - Level 11.0(16.0) Fighting
 - Level 15.0(20.0) Axes
 - Level 5.0(10.0) Throwing
 + Level 10.5(15.5) Armour
 - Level 2.0(7.0) Dodging
 - Level 7.0(12.0) Shields
 - Level 10.0 Invocations


You had 13 spell levels left.
You didn't know any spells.
Your spell library was empty.

Inventory:

Hand Weapons
 p - a +5 morningstar (weapon)
 s - a +0 spectral war axe
Armour
 c - a +0 buckler (worn)
 h - a +2 pair of gloves (worn)
 j - a +1 hat (worn)
 q - a +2 cloak (worn)
 r - a +0 pair of boots (worn)
 u - a +2 chain mail of fire resistance
 v - a +1 plate armour of cold resistance (worn)
Jewellery
 g - a ring of fire
 l - the ring of the Priest (left hand) {rElec rN+ AC+4 Str+4}
   (You found it on level 9 of the Dungeon)

   [ring of protection]

   AC:        It affects your AC (+4).
   Str:       It affects your strength (+4).
   rElec:     It insulates you from electricity.
   rN:        It protects you from negative energy.
 o - a ring of see invisible (right hand)
Scrolls
 a - a scroll of brand weapon
 i - 6 scrolls of identify
 m - 5 scrolls of teleportation
Potions
 b - a potion of resistance
 d - 12 potions of might
 e - a potion of mutation
 f - 9 potions of curing
 k - 3 potions of attraction
 n - 4 potions of lignification
 t - 5 potions of heal wounds

Dungeon Overview and Level Annotations

Branches:
Dungeon (9/15)             Temple (1/1) D:6            Lair (5/5) D:9
  Swamp (0/4) Lair:2       Spider (0/4) Lair:2        Slime (0/5) Lair:5
Ossuary (visited)
    Orc: D:9-12

Altars:
Cheibriados
Dithmenos
Gozag
Kikubaaqudgha
Makhleb
Nemelex Xobeh
Okawaru
Qazlal
Sif Muna
Trog
Uskayaw
Wu Jian
Xom
Yredelemnul
The Shining One
Jiyva

Shops:
D:7 !   D:9 *

Portals:
Ice
Cave: Lair:5

Annotations:
Lair:4 3 runed translucent doors, qw's ghost, journeyman GrFi


Message History

A wolf comes into view.
The 13-headed hydra bites you but does no damage.
You block the 13-headed hydra's attack.
The 13-headed hydra bites you but does no damage.
You block the 13-headed hydra's attack. x2; The 13-headed hydra bites you. x2
The 13-headed hydra closely misses you. The 13-headed hydra barely misses you.
The 13-headed hydra bites you but does no damage.
The 13-headed hydra misses you.
The 13-headed hydra bites you but does no damage. x2
You hit the elephant but do no damage.
The elephant is moderately wounded.
The komodo dragon bites you but does no damage.
The elephant barely misses you. x2; You block the elephant's attack. x2
You impale the elephant!!
The elephant is severely wounded.
The 13-headed hydra bites you but does no damage. x2
The 13-headed hydra bites you!
The 13-headed hydra bites you but does no damage.
The 13-headed hydra closely misses you. The 13-headed hydra misses you.
The 13-headed hydra bites you but does no damage. x2
The 13-headed hydra bites you.
The 13-headed hydra bites you but does no damage.
The 13-headed hydra closely misses you. You block the 13-headed hydra's attack.
The 13-headed hydra completely misses you.
15208 ||| READING 6 scrolls of teleportation.
As you read the scroll of teleportation, it crumbles to dust.
You feel strangely unstable.
The wolf stops to sniff the ground.
The komodo dragon bites you! The elephant barely misses you.
The elephant trunk-slaps you but does no damage.
The elephant closely misses you.
The elephant trunk-slaps you but does no damage.
The blink frog blinks!
You block the 13-headed hydra's attack. x2
The 13-headed hydra bites you but does no damage.
The 13-headed hydra barely misses you.
The 13-headed hydra bites you but does no damage. x2
The 13-headed hydra barely misses you.
The 13-headed hydra bites you but does no damage.
The 13-headed hydra barely misses you. The 13-headed hydra bites you.
You die... 777 ...77 7..Fh7 7F¤iF7 7¤iiih7# 7ihg##

# 7Yhl## ## 777h@###
### #. 7DYY.####.#
### ##
77.....#.####P####.
7.#................
7.....###...#....#.#
7...... ##...#P..##.
7...................
7...............)....
7....................


You could see a 13-headed hydra, 2 elephants, a polar bear, a komodo dragon
(summoned), 3 blink frogs, a black bear, 5 spriggans, 3 wolves, a dream sheep
and a boggart.

Vanquished Creatures
  Gastronok (Lair:2)
  A catoblepas (Lair:4)
  2 hydras
  2 boulder beetles
  4 death yaks (Lair:4)
  3 two-headed ogres (D:8)
  2 deep elf pyromancers (D:8)
  A manticore (D:8)
  6 black mambas
  12 elephants
  7 cane toads
  A rime drake (Lair:4)
  6 komodo dragons
  Maggie (D:7)
  2 trolls (D:9)
  3 polar bears
  8 blink frogs
  3 hornets (Lair:5)
  7 dream sheep (Lair:4)
  33 yaks
  5 spriggans (Lair:5)
  5 wyverns
  A basilisk (Lair:3)
  A steam dragon (D:8)
  A vampire mosquito (D:8)
  3 swamp worms (Lair:1)
  Duvessa (D:6)
  17 water moccasins
  7 ice beasts
  3 sky beasts
  2 orc warriors
  2 ogres (D:5)
  31 wolves
  4 centaurs
  A boggart (Lair:5)
  7 phantoms
  2 kobold brigands
  An elf zombie (Ossuary)
  11 bullfrogs
  7 scorpions
  A gnoll sergeant (D:9)
  5 wights
  Dowan (D:6)
  5 killer bees
  7 howler monkeys
  9 electric eels
  A centaur zombie (Ossuary)
  3 jellies
  5 orc priests
  7 hounds
  A gnoll bouda (D:6)
  Ijyb (D:3)
  5 orc wizards
  An iguana (D:4)
  4 hell rats (Lair:4)
  2 mummies (Ossuary)
  13 gnolls
  16 adders
  4 shadow imps
  3 white imps
  2 worms
  2 dart slugs
  26 orcs
  10 endoplasms
  10 giant cockroaches
  3 gnoll zombies (Ossuary)
  14 goblins
  9 hobgoblins
  9 jackals
  12 kobolds
  A quokka (D:4)
  12 ball pythons
  6 bats
  6 frilled lizards
  4 goblin zombies (Ossuary)
  A hobgoblin zombie (Ossuary)
  4 orc zombies (Ossuary)
  8 rats
450 creatures vanquished.

Vanquished Creatures (others)
  A human (D:3)
  A hound (D:9)
  2 kobolds (D:9)
  4 spectral weapons
8 creatures vanquished.

Grand Total: 458 creatures vanquished

Notes
Turn   | Place    | Note
-------+----------+-------------------------------------------
     0 | D:1      | qw the Gargoyle Fighter began the quest for the Orb.
     0 | D:1      | Reached XP level 1. HP: 14/14 MP: 1/1
     0 | D:1      | 0 ||| qw: Version: 0.2-a-99-gce666ed
     0 | D:1      | 0 ||| qw: Game counter: 120
     0 | D:1      | 0 ||| qw: Always use a shield: true
     0 | D:1      | 0 ||| qw: God list: Okawaru
     0 | D:1      | 0 ||| qw: Allow faded altars: false
     0 | D:1      | 0 ||| qw: Do Orc after D:15 true
     0 | D:1      | 0 ||| qw: Do second Lair branch before Depths: true
     0 | D:1      | 0 ||| qw: Lair rune preference: random
     0 | D:1      | 0 ||| qw: Plans: Normal, Zot:1-4, God:TSO, Crypt, Tomb,
                  | Pan, Slime:5, Hells, Abyss, Win
     0 | D:1      | 0 ||| PLANNING D:1-11
    55 | D:1      | Reached skill level 2 in Axes
   157 | D:1      | Reached XP level 2. HP: 13/19 MP: 2/2
   246 | D:1      | 246 ||| Stepping ~*~*~tactically~*~*~ (stealth).
   252 | D:1      | 252 ||| Stepping ~*~*~tactically~*~*~ (stealth).
   278 | D:1      | 278 ||| Stepping ~*~*~tactically~*~*~ (stealth).
   445 | D:1      | Reached skill level 3 in Axes
   534 | D:1      | Reached XP level 3. HP: 22/23 MP: 3/3
   767 | D:1      | 767 ||| READING scroll labelled SIMNUD BEJA.
   768 | D:1      | 768 ||| READING 2 scrolls labelled TUICONE FUOHI.
   958 | D:2      | 958 ||| Stepping ~*~*~tactically~*~*~ (stealth).
   969 | D:2      | Reached XP level 4. HP: 26/28 MP: 4/4
  1019 | D:2      | 1019 ||| Stepping ~*~*~tactically~*~*~ (stealth).
  1027 | D:2      | Found a faded altar of an unknown god.
  1058 | D:2      | 1058 ||| Stepping ~*~*~tactically~*~*~ (stealth).
  1059 | D:2      | 1059 ||| Stepping ~*~*~tactically~*~*~ (stealth).
  1119 | D:2      | 1119 ||| Stepping ~*~*~tactically~*~*~ (hiding).
  1120 | D:2      | 1120 ||| Stepping ~*~*~tactically~*~*~ (hiding).
  1122 | D:2      | 1122 ||| Stepping ~*~*~tactically~*~*~ (hiding).
  1228 | D:2      | 1228 ||| DROPPING +0 club.
  1333 | D:2      | Found a burning altar of Makhleb.
  1334 | D:2      | 1334 ||| Stepping ~*~*~tactically~*~*~ (stealth).
  1342 | D:2      | Reached skill level 4 in Axes
  1838 | D:2      | 1838 ||| READING scroll labelled BAOVEVI APEI.
  1839 | D:2      | 1839 ||| READING scroll labelled LOKHOL QINEPT.
  1840 | D:2      | 1840 ||| READING scroll labelled WAIROE KIPLEH.
  1841 | D:2      | 1841 ||| READING 2 scrolls labelled UXTIS WUAMI.
  1842 | D:2      | 1842 ||| DRINKING 2 pink potions.
  1843 | D:2      | 1843 ||| DRINKING 2 inky potions.
  1844 | D:2      | 1844 ||| READING 2 scrolls of identify.
  1844 | D:2      | 1844 ||| IDENTIFYING silvery potion
  1845 | D:2      | 1845 ||| DROPPING scroll of poison.
  1886 | D:3      | 1886 ||| Stepping ~*~*~tactically~*~*~ (hiding).
  1889 | D:3      | 1889 ||| Stepping ~*~*~tactically~*~*~ (hiding).
  1897 | D:3      | Reached XP level 5. HP: 23/32 MP: 5/5
  2040 | D:3      | Noticed Ijyb
  2046 | D:3      | 2046 ||| DRINKING 3 potions of curing.
  2046 | D:3      | 2046 ||| (to cure confusion)
  2050 | D:3      | 2050 ||| DRINKING 2 potions of curing.
  2050 | D:3      | 2050 ||| (to cure confusion)
  2053 | D:3      | Killed Ijyb
  2054 | D:3      | Reached skill level 5 in Axes
  2074 | D:3      | Found a hide-covered altar of Uskayaw.
  2294 | D:3      | 2294 ||| DROPPING +0 whip.
  2468 | D:3      | Reached XP level 6. HP: 38/38 MP: 6/6
  2725 | D:3      | Found an ancient bone altar of Kikubaaqudgha.
  2728 | D:3      | Noticed a human
  2729 | D:3      | Killed a human
  2758 | D:3      | 2758 ||| UPGRADING to +4 ring mail of willpower.
  2768 | D:3      | 2768 ||| DROPPING +0 scale mail.
  2769 | D:3      | 2769 ||| READING scroll labelled EDUDAGHUDGH.
  2770 | D:3      | 2770 ||| READING scroll labelled EPNATI FAEJ.
  2775 | D:3      | 2775 ||| READING scroll labelled MOUSKU WOECKIKA.
  2776 | D:3      | 2776 ||| READING 2 scrolls of identify.
  2776 | D:3      | 2776 ||| IDENTIFYING lumpy silvery potion
  2792 | D:4      | 2792 ||| PLANNING OSSUARY
  2838 | D:4      | Found a sand-covered staircase.
  2843 | Ossuary  | Entered an ossuary
  2880 | Ossuary  | Reached skill level 1 in Dodging
  3146 | D:4      | 3146 ||| PLANNING D:1-11
  3335 | D:4      | Noticed a water moccasin
  3347 | D:4      | Killed a water moccasin
  3348 | D:4      | Reached skill level 6 in Axes
  3348 | D:4      | Reached XP level 7. HP: 38/43 MP: 7/7
  3410 | D:4      | Found an opulent altar of Gozag.
  3545 | D:4      | Reached skill level 7 in Axes
  3688 | D:4      | 3688 ||| Stepping ~*~*~tactically~*~*~ (stealth).
  3717 | D:4      | Found a sparkling altar of Nemelex Xobeh.
  4185 | D:5      | Entered Level 5 of the Dungeon
  4186 | D:5      | 4186 ||| PLANNING SEWER
  4255 | D:5      | 4255 ||| Stepping ~*~*~tactically~*~*~ (stealth).
  4371 | D:5      | HP: 7/44 [ogre/+0 giant spiked club (20)]
  4372 | D:5      | 4372 ||| DRINKING potion of heal wounds.
  4374 | D:5      | Reached XP level 8. HP: 26/49 MP: 8/8
  4378 | D:5      | HP: 10/49 [ice beast (14)]
  4625 | D:5      | Reached skill level 1 in Throwing
  4679 | D:5      | Reached skill level 8 in Axes
  4768 | D:5      | 4768 ||| RIP SEWER
  4780 | D:5      | 4780 ||| PLANNING D:1-11
  4971 | D:5      | 4971 ||| Stepping ~*~*~tactically~*~*~ (stealth).
  4972 | D:5      | Found a bloodstained altar of Trog.
  5041 | D:5      | Reached skill level 6 in Fighting
  5328 | D:5      | 5328 ||| UPGRADING to +0 pair of gloves.
  5333 | D:5      | 5333 ||| UPGRADING to +2 cloak.
  5338 | D:5      | 5338 ||| DROPPING +6 ring of intelligence.
  5339 | D:5      | 5339 ||| READING scroll labelled KIASUE LIL ATU.
  5401 | D:6      | Reached skill level 9 in Axes
  5406 | D:6      | Reached XP level 9. HP: 42/55 MP: 9/9
  5411 | D:6      | 5411 ||| FLEEEEING.
  5414 | D:6      | 5414 ||| FLEEEEING.
  5424 | D:6      | 5424 ||| STAIRDANCE
  5473 | D:6      | 5473 ||| Stepping ~*~*~tactically~*~*~ (stealth).
  5475 | D:6      | 5475 ||| Stepping ~*~*~tactically~*~*~ (stealth).
  5547 | D:6      | 5547 ||| Stepping ~*~*~tactically~*~*~ (stealth).
  5571 | D:6      | 5571 ||| READING scroll of enchant armour.
  5571 | D:6      | 5571 ||| ENCHANTING +0 pair of gloves.
  5596 | D:6      | 5596 ||| READING scroll of brand weapon.
  5596 | D:6      | 5596 ||| BRANDING +0 heavy war axe.
  5816 | D:6      | Noticed Dowan
  5818 | D:6      | Noticed Duvessa
  5825 | D:6      | Killed Dowan
  5827 | D:6      | 5827 ||| FLEEEEING.
  5832 | D:6      | Killed Duvessa
  5833 | D:6      | Reached skill level 10 in Axes
  5833 | D:6      | 5833 ||| FLEEEEING.
  5834 | D:6      | 5834 ||| FLEEEEING.
  5835 | D:6      | 5835 ||| FLEEEEING.
  5836 | D:6      | 5836 ||| FLEEEEING.
  5837 | D:6      | 5837 ||| FLEEEEING.
  5838 | D:6      | 5838 ||| FLEEEEING.
  5839 | D:6      | 5839 ||| FLEEEEING.
  5840 | D:6      | 5840 ||| FLEEEEING.
  5841 | D:6      | 5841 ||| FLEEEEING.
  5842 | D:6      | 5842 ||| FLEEEEING.
  5843 | D:6      | 5843 ||| FLEEEEING.
  5844 | D:6      | 5844 ||| FLEEEEING.
  5845 | D:6      | 5845 ||| FLEEEEING.
  5846 | D:6      | 5846 ||| FLEEEEING.
  5847 | D:6      | 5847 ||| STAIRDANCE
  5940 | D:5      | 5940 ||| READING 2 scrolls labelled XULEONL ZOHI.
  5941 | D:5      | 5941 ||| READING 6 scrolls of identify.
  5941 | D:5      | 5941 ||| IDENTIFYING puce potion
  5942 | D:5      | 5942 ||| READING 5 scrolls of identify.
  5942 | D:5      | 5942 ||| IDENTIFYING golden potion
  5943 | D:5      | 5943 ||| READING 4 scrolls of identify.
  5943 | D:5      | 5943 ||| IDENTIFYING green potion
  5944 | D:5      | 5944 ||| READING 3 scrolls of identify.
  5944 | D:5      | 5944 ||| IDENTIFYING bubbling green potion
  5945 | D:5      | 5945 ||| READING 2 scrolls of identify.
  5945 | D:5      | 5945 ||| IDENTIFYING fuming emerald potion
  5946 | D:5      | 5946 ||| DROPPING potion of invisibility.
  5947 | D:5      | 5947 ||| DROPPING potion of brilliance.
  5948 | D:5      | 5948 ||| DROPPING potion of ambrosia.
  5949 | D:5      | 5949 ||| DROPPING potion of flight.
  5950 | D:5      | 5950 ||| DROPPING scroll of amnesia.
  6126 | D:6      | Found a staircase to the Ecumenical Temple.
  6127 | D:6      | 6127 ||| PLANNING TEMPLE
  6127 | D:6      | 6127 ||| UPGRADING to +3 chain mail of poison resistance.
  6137 | D:6      | 6137 ||| DROPPING +4 ring mail of willpower.
  6138 | D:6      | 6138 ||| DROPPING +0 chain mail.
  6149 | Temple   | Entered the Ecumenical Temple
  6187 | Temple   | 6187 ||| PLANNING OKAWARU WORSHIP
  6285 | Temple   | Became a worshipper of Warmaster Okawaru
  6285 | Temple   | 6285 ||| PLANNING D:1-11
  6703 | D:7      | Found Janagun's Distillery.
  6714 | D:7      | 6714 ||| BUYING 2 potions of might (88 gold).
  6714 | D:7      | Bought 2 potions of might for 88 gold pieces
  6714 | D:7      | 6714 ||| SHOPLISTING potion of experience (550 gold, have
                  | 492).
  6714 | D:7      | 6714 ||| BUYING potion of heal wounds (55 gold).
  6714 | D:7      | Bought a potion of heal wounds for 55 gold pieces
  6714 | D:7      | 6714 ||| BUYING potion of lignification (33 gold).
  6714 | D:7      | Bought a potion of lignification for 33 gold pieces
  6714 | D:7      | 6714 ||| BUYING potion of lignification (33 gold).
  6714 | D:7      | Bought a potion of lignification for 33 gold pieces
  6714 | D:7      | 6714 ||| BUYING potion of might (44 gold).
  6714 | D:7      | Bought a potion of might for 44 gold pieces
  6892 | D:7      | 6892 ||| Stepping ~*~*~tactically~*~*~ (hiding).
  6894 | D:7      | 6894 ||| Stepping ~*~*~tactically~*~*~ (hiding).
  6905 | D:7      | 6905 ||| FLEEEEING.
  6906 | D:7      | 6906 ||| FLEEEEING.
  6907 | D:7      | 6907 ||| FLEEEEING.
  6908 | D:7      | 6908 ||| FLEEEEING.
  6909 | D:7      | 6909 ||| FLEEEEING.
  6910 | D:7      | 6910 ||| FLEEEEING.
  6911 | D:7      | 6911 ||| FLEEEEING.
  6912 | D:7      | 6912 ||| FLEEEEING.
  6913 | D:7      | 6913 ||| FLEEEEING.
  6914 | D:7      | 6914 ||| FLEEEEING.
  6915 | D:7      | 6915 ||| FLEEEEING.
  6916 | D:7      | 6916 ||| FLEEEEING.
  6917 | D:7      | 6917 ||| FLEEEEING.
  6918 | D:7      | 6918 ||| FLEEEEING.
  6919 | D:7      | 6919 ||| FLEEEEING.
  6920 | D:7      | 6920 ||| FLEEEEING.
  6921 | D:7      | 6921 ||| FLEEEEING.
  6922 | D:7      | 6922 ||| FLEEEEING.
  6923 | D:7      | 6923 ||| FLEEEEING.
  6924 | D:7      | 6924 ||| FLEEEEING.
  6925 | D:7      | 6925 ||| FLEEEEING.
  6926 | D:7      | 6926 ||| FLEEEEING.
  6927 | D:7      | 6927 ||| FLEEEEING.
  6928 | D:7      | 6928 ||| FLEEEEING.
  6929 | D:7      | 6929 ||| FLEEEEING.
  6930 | D:7      | 6930 ||| FLEEEEING.
  6931 | D:7      | 6931 ||| FLEEEEING.
  6932 | D:7      | 6932 ||| FLEEEEING.
  6933 | D:7      | 6933 ||| FLEEEEING.
  6934 | D:7      | 6934 ||| FLEEEEING.
  7022 | D:7      | 7022 ||| Stepping ~*~*~tactically~*~*~ (hiding).
  7034 | D:7      | 7034 ||| Stepping ~*~*~tactically~*~*~ (stealth).
  7135 | D:7      | Noticed Maggie
  7146 | D:7      | Killed Maggie
  7146 | D:7      | Reached * piety under Okawaru
  7147 | D:7      | Reached XP level 10. HP: 44/65 MP: 10/10
  7296 | D:7      | Reached skill level 1 in Invocations
  7296 | D:7      | 7296 ||| Stepping ~*~*~tactically~*~*~ (hiding).
  7308 | D:7      | 7308 ||| Stepping ~*~*~tactically~*~*~ (stealth).
  7313 | D:7      | 7313 ||| Stepping ~*~*~tactically~*~*~ (hiding).
  7315 | D:7      | 7315 ||| Stepping ~*~*~tactically~*~*~ (hiding).
  7316 | D:7      | 7316 ||| Stepping ~*~*~tactically~*~*~ (hiding).
  7318 | D:7      | 7318 ||| Stepping ~*~*~tactically~*~*~ (hiding).
  7330 | D:7      | 7330 ||| Stepping ~*~*~tactically~*~*~ (stealth).
  7331 | D:7      | 7331 ||| Stepping ~*~*~tactically~*~*~ (stealth).
  7335 | D:7      | 7335 ||| DRINKING 3 potions of curing.
  7335 | D:7      | 7335 ||| (to cure confusion)
  7504 | D:8      | 7504 ||| INVOKING Heroism.
  7644 | D:8      | 7644 ||| Stepping ~*~*~tactically~*~*~ (stealth).
  7690 | D:8      | 7690 ||| INVOKING Heroism.
  7730 | D:8      | 7730 ||| INVOKING Heroism.
  7734 | D:8      | Reached skill level 3 in Invocations
  7742 | D:8      | 7742 ||| Stepping ~*~*~tactically~*~*~ (stealth).
  7781 | D:8      | 7781 ||| Stepping ~*~*~tactically~*~*~ (hiding).
  7787 | D:8      | 7787 ||| INVOKING Heroism.
  7818 | D:8      | 7818 ||| Stepping ~*~*~tactically~*~*~ (hiding).
  7899 | D:8      | 7899 ||| Stepping ~*~*~tactically~*~*~ (stealth).
  7900 | D:8      | 7900 ||| Stepping ~*~*~tactically~*~*~ (stealth).
  7901 | D:8      | 7901 ||| Stepping ~*~*~tactically~*~*~ (stealth).
  7970 | D:8      | 7970 ||| INVOKING Heroism.
  7994 | D:8      | 7994 ||| INVOKING Heroism.
  8002 | D:8      | 8002 ||| Stepping ~*~*~tactically~*~*~ (hiding).
  8078 | D:8      | Noticed a boulder beetle
  8079 | D:8      | 8079 ||| Stepping ~*~*~tactically~*~*~ (stealth).
  8081 | D:8      | 8081 ||| INVOKING Heroism.
  8101 | D:8      | Noticed a two-headed ogre
  8106 | D:8      | 8106 ||| INVOKING Heroism.
  8109 | D:8      | Killed a two-headed ogre
  8110 | D:8      | Reached skill level 11 in Axes
  8118 | D:8      | Killed a boulder beetle
  8118 | D:8      | Reached ** piety under Okawaru
  8119 | D:8      | Reached skill level 6 in Armour
  8227 | D:8      | 8227 ||| Stepping ~*~*~tactically~*~*~ (hiding).
  8232 | D:8      | Reached skill level 9 in Fighting
  8446 | D:8      | 8446 ||| Stepping ~*~*~tactically~*~*~ (stealth).
  8472 | D:8      | 8472 ||| Stepping ~*~*~tactically~*~*~ (stealth).
  8485 | D:8      | Noticed a two-headed ogre
  8486 | D:8      | 8486 ||| INVOKING Heroism.
  8494 | D:8      | Killed a two-headed ogre
  8494 | D:8      | Reached *** piety under Okawaru
  8495 | D:8      | Reached XP level 11. HP: 55/71 MP: 12/14
  8498 | D:8      | Noticed a deep elf pyromancer
  8499 | D:8      | 8499 ||| Stepping ~*~*~tactically~*~*~ (stealth).
  8500 | D:8      | 8500 ||| Stepping ~*~*~tactically~*~*~ (stealth).
  8505 | D:8      | Killed a deep elf pyromancer
  8551 | D:8      | 8551 ||| Stepping ~*~*~tactically~*~*~ (stealth).
  8572 | D:8      | 8572 ||| Stepping ~*~*~tactically~*~*~ (stealth).
  8658 | D:8      | Noticed a manticore
  8659 | D:8      | 8659 ||| Stepping ~*~*~tactically~*~*~ (stealth).
  8662 | D:8      | 8662 ||| Stepping ~*~*~tactically~*~*~ (hiding).
  8664 | D:8      | 8664 ||| Stepping ~*~*~tactically~*~*~ (hiding).
  8665 | D:8      | 8665 ||| INVOKING Heroism.
  8671 | D:8      | Killed a manticore
  8672 | D:8      | Reached skill level 12 in Axes
  8691 | D:8      | 8691 ||| FLEEEEING.
  8692 | D:8      | 8692 ||| FLEEEEING.
  8693 | D:8      | 8693 ||| FLEEEEING.
  8694 | D:8      | 8694 ||| FLEEEEING.
  8695 | D:8      | 8695 ||| FLEEEEING.
  8696 | D:8      | 8696 ||| FLEEEEING.
  8697 | D:8      | 8697 ||| FLEEEEING.
  8698 | D:8      | 8698 ||| FLEEEEING.
  8699 | D:8      | 8699 ||| FLEEEEING.
  8700 | D:8      | 8700 ||| FLEEEEING.
  8701 | D:8      | 8701 ||| FLEEEEING.
  8702 | D:8      | 8702 ||| FLEEEEING.
  8703 | D:8      | 8703 ||| FLEEEEING.
  8716 | D:8      | 8716 ||| FLEEEEING.
  8717 | D:8      | 8717 ||| FLEEEEING.
  8718 | D:8      | 8718 ||| FLEEEEING.
  8719 | D:8      | 8719 ||| FLEEEEING.
  8720 | D:8      | 8720 ||| FLEEEEING.
  8721 | D:8      | 8721 ||| FLEEEEING.
  8722 | D:8      | 8722 ||| FLEEEEING.
  8724 | D:8      | 8724 ||| FLEEEEING.
  8725 | D:8      | 8725 ||| FLEEEEING.
  8726 | D:8      | 8726 ||| FLEEEEING.
  8727 | D:8      | 8727 ||| FLEEEEING.
  8728 | D:8      | 8728 ||| STAIRDANCE
  8790 | D:7      | 8790 ||| DROPPING scarf of repulsion.
  8885 | D:8      | Noticed a deep elf pyromancer
  8892 | D:8      | Killed a deep elf pyromancer
  9129 | D:8      | Noticed a two-headed ogre
  9130 | D:8      | 9130 ||| INVOKING Heroism.
  9142 | D:8      | Killed a two-headed ogre
  9142 | D:8      | Received a gift from Okawaru
  9143 | D:8      | Reached skill level 6 in Shields
  9229 | D:8      | 9229 ||| DROPPING +0 flail.
  9429 | D:8      | 9429 ||| READING 5 scrolls of identify.
  9429 | D:8      | 9429 ||| IDENTIFYING blue potion
  9430 | D:8      | 9430 ||| DROPPING potion of degeneration.
  9566 | D:9      | Identified the ring of the Priest {rElec rN+ AC+4 Str+4}
  9651 | D:9      | 9651 ||| INVOKING Heroism.
  9705 | D:9      | 9705 ||| INVOKING Heroism.
  9714 | D:9      | 9714 ||| Stepping ~*~*~tactically~*~*~ (water).
  9714 | D:9      | Found a staircase to the Lair.
  9728 | D:9      | 9728 ||| Stepping ~*~*~tactically~*~*~ (water).
  9729 | D:9      | 9729 ||| INVOKING Heroism.
  9851 | D:9      | 9851 ||| INVOKING Heroism.
 10012 | D:9      | Reached skill level 3 in Throwing
 10043 | D:9      | Found Uvoizos's General Store.
 10044 | D:9      | Received a gift from Okawaru
 10107 | D:9      | 10107 ||| DROPPING +1 heavy flail.
 10117 | D:9      | 10117 ||| BUYING +0 pair of boots (49 gold).
 10117 | D:9      | Bought a +0 pair of boots for 49 gold pieces
 10117 | D:9      | 10117 ||| BUYING +2 chain mail of fire resistance (236
                  | gold).
 10117 | D:9      | Bought a +2 chain mail of fire resistance for 236 gold
                  | pieces
 10119 | D:9      | Identified the +1 dagger "Seelemi" {heavy, rElec Dex+4}
 10130 | D:9      | 10130 ||| Stepping ~*~*~tactically~*~*~ (stealth).
 10133 | D:9      | 10133 ||| Stepping ~*~*~tactically~*~*~ (stealth).
 10510 | D:9      | 10510 ||| READING scroll of enchant armour.
 10510 | D:9      | 10510 ||| ENCHANTING +1 pair of gloves.
 10552 | D:9      | 10552 ||| PLANNING LAIR
 10552 | D:9      | 10552 ||| UPGRADING to +0 pair of boots.
 10557 | D:9      | 10557 ||| UPGRADING to +2 chain mail of fire resistance.
 10567 | D:9      | 10567 ||| UPGRADING to ring of the Priest {rElec rN+ AC+4
                  | Str+4}.
 10568 | D:9      | 10568 ||| UPGRADING to ring of see invisible.
 10633 | Lair:1   | Entered Level 1 of the Lair of Beasts
 10643 | Lair:1   | Reached **** piety under Okawaru
 10645 | Lair:1   | 10645 ||| STAIRDANCE
 10739 | Lair:1   | 10739 ||| INVOKING Heroism.
 10854 | Lair:1   | 10854 ||| INVOKING Heroism.
 10904 | Lair:1   | 10904 ||| INVOKING Heroism.
 10923 | Lair:1   | 10923 ||| Stepping ~*~*~tactically~*~*~ (stealth).
 10931 | Lair:1   | Reached XP level 12. HP: 77/77 MP: 14/16
 11015 | Lair:1   | 11015 ||| Stepping ~*~*~tactically~*~*~ (hiding).
 11030 | Lair:1   | 11030 ||| INVOKING Heroism.
 11366 | Lair:1   | Reached skill level 6 in Invocations
 11604 | Lair:1   | 11604 ||| DROPPING +3 chain mail of poison resistance.
 11605 | Lair:1   | 11605 ||| UPGRADING to +1 plate armour of cold resistance.
 11647 | Lair:2   | Noticed Gastronok
 11648 | Lair:2   | 11648 ||| INVOKING Heroism.
 11664 | Lair:2   | Killed Gastronok
 11664 | Lair:2   | Received a gift from Okawaru
 11777 | Lair:2   | Found a staircase to the Swamp.
 11809 | Lair:2   | You fall into a shaft and drop 2 floors!
 11813 | Lair:4   | Found a runed translucent gate.
 11814 | Lair:4   | Found a runed translucent gate.
 11815 | Lair:4   | Found a runed translucent gate.
 11816 | Lair:4   | Noticed a 12-headed hydra
 11816 | Lair:4   | Noticed a nine-headed hydra
 11816 | Lair:4   | Noticed qw's ghost (journeyman GrFi)
 11823 | Lair:4   | Noticed a catoblepas
 11824 | Lair:4   | 11824 ||| Stepping ~*~*~tactically~*~*~ (stealth).
 11828 | Lair:4   | 11828 ||| INVOKING Heroism.
 11836 | Lair:4   | Killed a catoblepas
 11889 | Lair:4   | 11889 ||| Stepping ~*~*~tactically~*~*~ (stealth).
 11891 | Lair:4   | 11891 ||| Stepping ~*~*~tactically~*~*~ (stealth).
 11894 | Lair:4   | 11894 ||| Stepping ~*~*~tactically~*~*~ (stealth).
 11954 | Lair:4   | Noticed a five-headed hydra
 11955 | Lair:4   | 11955 ||| INVOKING Heroism.
 11960 | Lair:4   | 11960 ||| SWAPPING to +5 morningstar.
 11962 | Lair:4   | Killed a five-headed hydra
 11963 | Lair:4   | 11963 ||| SWAPPING to +0 spectral war axe.
 12016 | Lair:4   | Noticed a death yak
 12017 | Lair:4   | 12017 ||| INVOKING Heroism.
 12021 | Lair:4   | Noticed a death yak
 12024 | Lair:4   | Noticed a death yak
 12026 | Lair:4   | Noticed a death yak
 12030 | Lair:4   | Killed a death yak
 12031 | Lair:4   | Killed a death yak
 12031 | Lair:4   | Reached ***** piety under Okawaru
 12032 | Lair:4   | Reached skill level 9 in Armour
 12032 | Lair:4   | 12032 ||| INVOKING Finesse.
 12038 | Lair:4   | Killed a death yak
 12039 | Lair:4   | Killed a death yak
 12040 | Lair:4   | Reached skill level 9 in Invocations
 12114 | Lair:4   | 12114 ||| UPGRADING to +1 hat.
 12138 | Lair:3   | Noticed a six-headed hydra
 12139 | Lair:3   | 12139 ||| INVOKING Heroism.
 12140 | Lair:3   | 12140 ||| INVOKING Finesse.
 12144 | Lair:3   | 12144 ||| SWAPPING to +5 morningstar.
 12146 | Lair:3   | Killed a six-headed hydra
 12146 | Lair:3   | Received a gift from Okawaru
 12147 | Lair:3   | 12147 ||| SWAPPING to +0 spectral war axe.
 12254 | Lair:2   | Found a hole to the Spider Nest.
 12255 | Lair:2   | Noticed a boulder beetle
 12259 | Lair:2   | 12259 ||| INVOKING Heroism.
 12280 | Lair:2   | 12280 ||| INVOKING Heroism.
 12285 | Lair:2   | Killed a boulder beetle
 12286 | Lair:2   | Reached XP level 13. HP: 77/82 MP: 17/20
 12327 | Lair:2   | 12327 ||| Stepping ~*~*~tactically~*~*~ (stealth).
 12336 | Lair:2   | Received a gift from Okawaru
 12588 | Lair:2   | 12588 ||| Stepping ~*~*~tactically~*~*~ (stealth).
 12591 | Lair:2   | 12591 ||| Stepping ~*~*~tactically~*~*~ (stealth).
 12603 | Lair:2   | Reached skill level 13 in Axes
 12909 | Lair:2   | 12909 ||| READING 5 scrolls of identify.
 12909 | Lair:2   | 12909 ||| IDENTIFYING smoky orange potion
 13025 | Lair:3   | 13025 ||| INVOKING Heroism.
 13067 | Lair:3   | 13067 ||| Stepping ~*~*~tactically~*~*~ (stealth).
 13068 | Lair:3   | 13068 ||| Stepping ~*~*~tactically~*~*~ (stealth).
 13069 | Lair:3   | 13069 ||| Stepping ~*~*~tactically~*~*~ (stealth).
 13124 | Lair:3   | 13124 ||| INVOKING Heroism.
 13233 | Lair:3   | Received a gift from Okawaru
 13447 | Lair:3   | 13447 ||| INVOKING Heroism.
 13504 | Lair:3   | 13504 ||| INVOKING Heroism.
 13896 | Lair:4   | 13896 ||| INVOKING Heroism.
 13932 | Lair:4   | Reached skill level 14 in Axes
 14004 | Lair:4   | 14004 ||| INVOKING Heroism.
 14022 | Lair:4   | 14022 ||| Stepping ~*~*~tactically~*~*~ (stealth).
 14061 | Lair:4   | 14061 ||| Stepping ~*~*~tactically~*~*~ (stealth).
 14063 | Lair:4   | 14063 ||| Stepping ~*~*~tactically~*~*~ (stealth).
 14082 | Lair:4   | 14082 ||| FLEEEEING.
 14084 | Lair:4   | 14084 ||| FLEEEEING.
 14085 | Lair:4   | 14085 ||| FLEEEEING.
 14086 | Lair:4   | 14086 ||| FLEEEEING.
 14087 | Lair:4   | 14087 ||| FLEEEEING.
 14088 | Lair:4   | 14088 ||| FLEEEEING.
 14089 | Lair:4   | 14089 ||| FLEEEEING.
 14090 | Lair:4   | 14090 ||| FLEEEEING.
 14091 | Lair:4   | 14091 ||| FLEEEEING.
 14167 | Lair:4   | 14167 ||| Stepping ~*~*~tactically~*~*~ (water).
 14704 | Lair:5   | Entered Level 5 of the Lair of Beasts
 14726 | Lair:5   | 14726 ||| INVOKING Heroism.
 14732 | Lair:5   | Received a gift from Okawaru
 14851 | Lair:5   | 14851 ||| INVOKING Heroism.
 14855 | Lair:5   | Received a gift from Okawaru
 15014 | Lair:5   | Found a frozen archway.
 15036 | Lair:5   | Found a shimmering altar of Xom.
 15088 | Lair:5   | Found a staircase to the Slime Pits.
 15088 | Lair:5   | Found a viscous altar of Jiyva.
 15151 | Lair:5   | 15151 ||| FLEEEEING.
 15152 | Lair:5   | 15152 ||| FLEEEEING.
 15153 | Lair:5   | 15153 ||| FLEEEEING.
 15154 | Lair:5   | 15154 ||| INVOKING Heroism.
 15160 | Lair:5   | Identified the +9 great mace of Reinforcement {vamp,
                  | Stlth+} (Okawaru gifted it to you on level 5 of the Lair of
                  | Beasts)
 15160 | Lair:5   | Received a gift from Okawaru
 15163 | Lair:5   | 15163 ||| INVOKING Finesse.
 15174 | Lair:5   | Gained mutation: Your large and strong wings let you fly.
                  | [Gargoyle growth]
 15174 | Lair:5   | Reached XP level 14. HP: 63/90 MP: 15/21
 15190 | Lair:5   | 15190 ||| SWAPPING to +5 morningstar.
 15192 | Lair:5   | Reached skill level 15 in Axes
 15192 | Lair:5   | 15192 ||| SWAPPING to +0 spectral war axe.
 15203 | Lair:5   | 15203 ||| SWAPPING to +5 morningstar.
 15207 | Lair:5   | HP: 18/90 [13-headed hydra (7)]
 15208 | Lair:5   | 15208 ||| READING 6 scrolls of teleportation.
 15208 | Lair:5   | HP: 5/90 [komodo dragon[a boggart] (11)]
 15208 | Lair:5   | Slain by a 13-headed hydra

Levels and vault maps discovered:
D:1:      doesnt_arrival_eight_statues, layout_loops_ring
D:2:      layout_basic, basic_altar, chequers_ecumenical_altar_simple,
          grunt_ministairs_11, minmay_randomly_rotated_circles
D:3:      layout_basic, nicolae_uskayaw_suspiria, tgw_kikubaaqudgha,
          minmay_unequal, uniq_ijyb
D:4:      layout_basic, nicolae_gozag_cash_rules_everything_around_me,
          nemelex_dance_club_becter, enter_ossuary_2
D:5:      layout_loops_cross, trog_antimagical, portal_sewer_entry_e
D:6:      layout_basic, minmay_temple_entry_proselytizer,
          minmay_alternating_orb, uniq_duvessa
D:7:      layout_basic, serial_shops, shop, uniq_maggie
D:8:      minmay_the_grid_octo_tiled_octocenter
          [minmay_the_grid_octo_thin_diamonds, minmay_the_grid_octo_fan_narrow,
          minmay_the_grid_octo_focus, minmay_the_grid_octo_odd_swirl,
          minmay_the_grid_octo_prize_big_c,
          minmay_the_grid_square_5x5_six_small,
          minmay_the_grid_square_5x5_checkered_sparse,
          minmay_the_grid_square_5x5_detours, minmay_the_grid_square_5x5_slash],
          layout_loops_corners, serial_bayou, serial_bayou_lagoon_a,
          serial_bayou_pond_e, serial_bayou_pond_a, serial_bayou_crossing,
          serial_bayou_shore_b, serial_bayou_shore_b
D:9:      layout_basic, erik_lair_island, serial_shops, shop
Temple:   hellmonk_temple_beads
Lair:1:   layout_misc_corridors, worms_lemuel, grunt_megastairs_3
Lair:2:   layout_chaotic_city, swamp_mist, nicolae_spider_entry_non_spiders,
          minmay_holes, infiniplex_staircase_pool_2, uniq_gastronok
Lair:3:   layout_chaotic_city
Lair:4:   layout_loops_ring, gammafunk_ghost_hydra_chop, serial_bayou_shore_b,
          serial_bayou_shore_a, infiniplex_staircase_pool
Lair:5:   minmay_lair_end_enchanted_forest, layout_gridlike, slime_entry_1,
          basic_altar, portal_ice_cave_entry_pillars_1

Skill      XL: |  1  2  3  4  5  6  7  8  9 10 11 12 13 14 |
---------------+-------------------------------------------+-----
Axes           | 2 3 4 5 6 7 9 10 11 12 14 15 | 15.0
Fighting       | 4 5 6 8 9 10 11 | 11.0
Dodging        | 1 2 |  2.0
Throwing       | 1 4 5 |  5.0
Shields        | 4 5 6 7 |  7.0
Armour         | 5 6 7 9 10 | 10.5
Invocations    | 4 5 9 10 | 10.0

Action                     |  1- 3 |  4- 6 |  7- 9 | 10-12 | 13-15 || total
---------------------------+-------+-------+-------+-------+-------++-------
  Melee: War axe           |   124 |   206 |   281 |   402 |   270 ||  1283
         Morningstar       |       |       |       |     4 |     5 ||     9
  Throw: Boomerang         |       |       |    42 |       |     2 ||    44
         Javelin           |       |       |       |    40 |    37 ||    77
 Invoke: Heroism           |       |       |       |    26 |     9 ||    35
         Finesse           |       |       |       |     2 |     1 ||     3
    Use: Scroll            |     2 |     9 |     9 |     2 |     2 ||    24
         Potion            |       |     4 |     1 |     1 |       ||     6
   Stab: Distracted        |       |       |       |     7 |     5 ||    12
 Armour: Scale mail        |   106 |    78 |       |       |       ||   184
         Ring mail         |       |    45 |   147 |       |       ||   192
         Chain mail        |       |       |    13 |   143 |       ||   156
         Plate armour      |       |       |       |    53 |   122 ||   175
  Dodge: Dodged            |    62 |   109 |   137 |   106 |    83 ||   497
  Block: Buckler           |    21 |    46 |    50 |    72 |    56 ||   245

Table legend:
 A = Non-vault XP
 B = Vault XP
 C = Vault XP percentage of total XP
 D = Non-vault monster count
 E = Vault monster count
 F = Vault count percentage of total count
                 A         B        C        D         E       F
            +---------+---------+-------+---------+---------+-------
      Total |   43108 |   15192 |  26.1 |     335 |     116 |  25.7
            +---------+---------+-------+---------+---------+-------
        D:1 |      42 |       0 |   0.0 |      26 |       0 |   0.0
        D:2 |      86 |      12 |  12.2 |      23 |       8 |  25.8
        D:3 |     147 |      45 |  23.4 |      20 |       5 |  20.0
        D:4 |     422 |       5 |   1.2 |      24 |       2 |   7.7
        D:5 |    1023 |       4 |   0.4 |      20 |       3 |  13.0
        D:6 |     618 |    1141 |  64.9 |      18 |      18 |  50.0
        D:7 |    1213 |     370 |  23.4 |      23 |       1 |   4.2
        D:8 |     993 |    6439 |  86.6 |      12 |      27 |  69.2
        D:9 |    2057 |     801 |  28.0 |      29 |       8 |  21.6
     Lair:1 |    3897 |    1007 |  20.5 |      19 |       5 |  20.8
     Lair:2 |    4034 |    2649 |  39.6 |      24 |       9 |  27.3
     Lair:3 |    7213 |       0 |   0.0 |      21 |       0 |   0.0
     Lair:4 |   12329 |       0 |   0.0 |      46 |       0 |   0.0
     Lair:5 |    9034 |    2530 |  21.9 |      30 |      14 |  31.8
    Ossuary |       0 |     189 | 100.0 |       0 |      16 | 100.0
            +---------+---------+-------+---------+---------+-------
